2800 views
Uploaded 2020-03-25 17:29:03
Game version 1.32.3
16:59 long 2on2 ladder game on (4)TwistedMeadows
Saved by rYu
2800 views
Uploaded 2020-03-25 17:29:03
Game version 1.32.3
16:59 long 2on2 ladder game on (4)TwistedMeadows


48 units @ 8.1k
/ 1k
27 buildings @ 4.8k
/ 1.9k



| Rod of Necromancy | 3 | 450 |
| Dust of Appearance | 1 | 75 |
| Scroll of Town Portal | 2 | 700 |
| Scroll of Healing | 1 | 250 |
| total: | 7 | 1475g |
| Acolyte | 3 | 225 | / | 0 |
| Ghoul | 1 | 120 | / | 0 |
| Crypt Fiend | 16 | 3440 | / | 640 |
| Obsidian Statue | 3 | 600 | / | 105 |
| total: | 23 | 4385g | / | 745w |
| Nerubian Tower | 1 | 100 | / | 20 |
| Altar of Darkness | 1 | 180 | / | 50 |
| Ziggurat | 6 | 900 | / | 300 |
| Crypt | 1 | 200 | / | 50 |
| Graveyard | 1 | 215 | / | 0 |
| Tomb of Relics | 1 | 130 | / | 30 |
| Slaughterhouse | 1 | 140 | / | 135 |
| Halls of the Dead | 1 | 320 | / | 210 |
| Black Citadel | 1 | 325 | / | 230 |
| total: | 11 | 1765g | / | 565w |
| 0:03 | Acolyte |
| 0:06 | Altar of Darkness |
| 0:21 | Ziggurat |
| 0:29 | Crypt |
| 0:32 | Ziggurat |
| 0:38 | Acolyte |
| 1:00 | Graveyard |
| 1:33 | Tomb of Relics |
| 1:36 | Ziggurat |
| 1:42 | Ghoul |
| 2:22 | Death Coil |
| 2:24 | Crypt Fiend |
| 2:36 | Nerubian Tower |
| 2:48 | Rod of Necromancy |
| 2:49 | Dust of Appearance |
| 2:56 | Acolyte |
| 3:44 | Crypt Fiend |
| 3:46 | Halls of the Dead |
| 3:49 | Crypt Fiend |
| 4:06 | Ziggurat |
| 4:47 | Crypt Fiend |
| 5:08 | Crypt Fiend |
| 5:48 | Crypt Fiend |
| 6:17 | Burrow |
| 6:35 | Unholy Aura |
| 6:43 | Crypt Fiend |
| 6:46 | Slaughterhouse |
| 7:35 | Crypt Fiend |
| 7:37 | Frost Nova |
| 7:52 | Crypt Fiend |
| 7:58 | Ziggurat |
| 8:03 | Obsidian Statue |
| 8:05 | Obsidian Statue |
| 8:15 | Rod of Necromancy |
| 9:30 | Scroll of Town Portal |
| 9:40 | Crypt Fiend |
| 9:43 | Crypt Fiend |
| 9:44 | Creature Attack |
| 10:49 | Frost Armor |
| 10:51 | Death Coil |
| 11:22 | Crypt Fiend |
| 11:23 | Web |
| 11:40 | Crypt Fiend |
| 11:41 | Black Citadel |
| 12:49 | Scroll of Town Portal |
| 12:51 | Rod of Necromancy |
| 13:07 | Improved Creature Attack |
| 13:33 | Scroll of Healing |
| 13:55 | Ziggurat |
| 14:11 | Frost Nova |
| 15:05 | Unholy Aura |
| 15:33 | Crypt Fiend |
| 15:51 | Silence |
| 15:54 | Crypt Fiend |
| 15:55 | Destroyer Form |
| 15:58 | Crypt Fiend |
| 16:02 | Obsidian Statue |
| Right click | 732 |
| Select group | 411 |
| Select | 248 |
| Build/train/purchase | 77 |
| Misc. action | 73 |
| Use ability | 38 |
| Assign group | 29 |
| Resource trade | 11 |
| Esc | 4 |
| Item give/drop | 3 |
| Minimap ping | 2 |


| Healing Salve | 4 | 400 |
| Lesser Clarity Potion | 5 | 350 |
| Scroll of Town Portal | 1 | 350 |
| total: | 10 | 1100g |
| Peon | 14 | 1050 | / | 0 |
| Grunt | 4 | 800 | / | 0 |
| Wind Rider | 7 | 1855 | / | 280 |
| total: | 25 | 3705g | / | 280w |
| Altar of Storms | 1 | 180 | / | 50 |
| Orc Burrow | 6 | 960 | / | 240 |
| Barracks | 1 | 180 | / | 50 |
| Voodoo Lounge | 1 | 130 | / | 30 |
| War Mill | 1 | 205 | / | 0 |
| Great Hall | 2 | 770 | / | 370 |
| Beastiary | 4 | 580 | / | 560 |
| Stronghold | 1 | 315 | / | 190 |
| total: | 16 | 3005g | / | 1300w |
| 0:02 | Peon |
| 0:04 | Altar of Storms |
| 0:06 | Peon |
| 0:16 | Orc Burrow |
| 0:19 | Peon |
| 0:35 | Barracks |
| 0:43 | Peon |
| 0:55 | Peon |
| 1:15 | Peon |
| 1:29 | Voodoo Lounge |
| 1:35 | Grunt |
| 1:44 | Peon |
| 1:50 | Orc Burrow |
| 1:58 | Peon |
| 2:03 | Wind Walk |
| 2:51 | Stronghold |
| 2:52 | Grunt |
| 3:16 | Orc Burrow |
| 3:29 | Grunt |
| 3:50 | War Mill |
| 4:47 | Grunt |
| 4:54 | Critical Strike |
| 5:26 | Beastiary |
| 5:39 | Berserker Strength |
| 5:45 | Beastiary |
| 5:45 | Beastiary |
| 5:49 | Healing Salve |
| 5:49 | Lesser Clarity Potion |
| 5:54 | Lesser Clarity Potion |
| 5:56 | Healing Salve |
| 6:02 | Orc Burrow |
| 6:23 | Reinforced Defenses |
| 6:24 | Peon |
| 6:30 | Healing Wave |
| 7:46 | Wind Rider |
| 7:59 | Beastiary |
| 8:16 | Orc Burrow |
| 8:34 | Wind Rider |
| 9:24 | Wind Rider |
| 9:50 | Hex |
| 9:55 | Wind Walk |
| 10:09 | Great Hall |
| 10:12 | Steel Ranged Weapons |
| 10:23 | Lesser Clarity Potion |
| 10:23 | Healing Salve |
| 10:33 | Peon |
| 11:58 | Scroll of Town Portal |
| 11:58 | Lesser Clarity Potion |
| 11:58 | Healing Salve |
| 12:05 | Steel Armor |
| 12:50 | Wind Rider |
| 12:52 | Peon |
| 12:52 | Peon |
| 12:52 | Peon |
| 12:53 | Peon |
| 13:02 | Lesser Clarity Potion |
| 13:27 | Wind Rider |
| 13:30 | Orc Burrow |
| 14:21 | Hex |
| 14:28 | Wind Rider |
| 14:41 | Wind Rider |
| 15:26 | Critical Strike |
| 15:49 | Great Hall |
| Right click | 1006 |
| Select | 462 |
| Misc. action | 237 |
| Select group | 214 |
| Build/train/purchase | 74 |
| Assign group | 62 |
| Use ability | 41 |
| Item give/drop | 5 |
| Minimap ping | 2 |
| Remove unit | 1 |
| Esc | 1 |
56 units @ 8.6k
/ 0.9k
36 buildings @ 4.6k
/ 1.8k


| Healing Salve | 8 | 800 |
| Scroll of Speed | 3 | 150 |
| Lesser Clarity Potion | 2 | 140 |
| Potion of Healing | 1 | 150 |
| Scroll of Town Portal | 1 | 350 |
| Scroll of Healing | 1 | 250 |
| total: | 16 | 1840g |
| Peon | 7 | 525 | / | 0 |
| Grunt | 7 | 1400 | / | 0 |
| Raider | 6 | 1080 | / | 240 |
| Spirit Walker | 7 | 1365 | / | 245 |
| Kodo Beast | 2 | 510 | / | 120 |
| total: | 29 | 4880g | / | 605w |
| Altar of Storms | 1 | 180 | / | 50 |
| Orc Burrow | 5 | 800 | / | 200 |
| Barracks | 1 | 180 | / | 50 |
| Voodoo Lounge | 1 | 130 | / | 30 |
| War Mill | 1 | 205 | / | 0 |
| Beastiary | 1 | 145 | / | 140 |
| Tauren Totem | 1 | 135 | / | 155 |
| Stronghold | 1 | 315 | / | 190 |
| total: | 11 | 1775g | / | 625w |
| 0:02 | Altar of Storms |
| 0:03 | Peon |
| 0:03 | Peon |
| 0:17 | Orc Burrow |
| 0:25 | Peon |
| 0:40 | Barracks |
| 0:43 | Peon |
| 0:52 | Peon |
| 1:02 | Peon |
| 1:12 | Peon |
| 1:37 | Voodoo Lounge |
| 1:41 | Grunt |
| 2:15 | Wind Walk |
| 2:23 | Stronghold |
| 2:38 | Orc Burrow |
| 3:31 | Orc Burrow |
| 3:37 | Grunt |
| 3:50 | Grunt |
| 3:56 | Healing Salve |
| 3:57 | Scroll of Speed |
| 4:05 | Grunt |
| 5:12 | Healing Salve |
| 5:17 | Beastiary |
| 5:47 | Tauren Totem |
| 6:13 | Healing Salve |
| 6:13 | Lesser Clarity Potion |
| 6:16 | Hex |
| 6:19 | Raider |
| 6:20 | Ensnare |
| 7:20 | Spirit Walker |
| 7:51 | Raider |
| 7:52 | Spirit Walker |
| 7:57 | War Mill |
| 8:06 | Critical Strike |
| 8:54 | Healing Salve |
| 9:00 | Spirit Walker |
| 9:02 | Raider |
| 9:13 | Scroll of Speed |
| 9:18 | Potion of Healing |
| 9:20 | Healing Salve |
| 10:00 | Orc Burrow |
| 10:15 | Healing Wave |
| 10:22 | Reinforced Defenses |
| 11:16 | Kodo Beast |
| 11:17 | Spirit Walker |
| 11:18 | Grunt |
| 11:18 | Berserker Strength |
| 11:31 | Healing Salve |
| 11:31 | Lesser Clarity Potion |
| 11:34 | Healing Salve |
| 12:04 | Scroll of Town Portal |
| 12:04 | Scroll of Speed |
| 12:18 | Spirit Walker |
| 12:19 | Raider |
| 12:21 | Grunt |
| 12:59 | Scroll of Healing |
| 13:06 | Orc Burrow |
| 14:59 | Raider |
| 15:00 | Spirit Walker |
| 15:18 | Healing Salve |
| 15:21 | Raider |
| 15:22 | Kodo Beast |
| 15:22 | Spirit Walker |
| 15:23 | Grunt |
| Right click | 1108 |
| Select group | 697 |
| Select | 239 |
| Build/train/purchase | 86 |
| Use ability | 62 |
| Assign group | 61 |
| Minimap ping | 4 |
| Item give/drop | 3 |


| Scroll of Regeneration | 2 | 200 |
| Lesser Clarity Potion | 2 | 140 |
| Ivory Tower | 2 | 80 |
| Potion of Healing | 1 | 150 |
| Scroll of Town Portal | 2 | 700 |
| Potion of Lesser Invulnerability | 1 | 150 |
| Scroll of Speed | 1 | 50 |
| total: | 11 | 1470g |
| Peasant | 9 | 675 | / | 0 |
| Footman | 6 | 810 | / | 0 |
| Sorceress | 5 | 775 | / | 100 |
| Spell Breaker | 3 | 645 | / | 90 |
| Rifleman | 4 | 820 | / | 120 |
| total: | 27 | 3725g | / | 310w |
| Scout Tower | 7 | 210 | / | 140 |
| Arcane Tower | 4 | 280 | / | 200 |
| Guard Tower | 2 | 140 | / | 100 |
| Altar of Kings | 1 | 180 | / | 50 |
| Farm | 8 | 640 | / | 160 |
| Barracks | 1 | 160 | / | 60 |
| Arcane Vault | 2 | 260 | / | 60 |
| Lumber Mill | 1 | 120 | / | 0 |
| Blacksmith | 1 | 140 | / | 60 |
| Town Hall | 2 | 770 | / | 410 |
| Arcane Sanctum | 2 | 300 | / | 280 |
| Keep | 1 | 320 | / | 210 |
| total: | 25 | 2780g | / | 1220w |
| 0:05 | Peasant |
| 0:05 | Peasant |
| 0:10 | Altar of Kings |
| 0:14 | Farm |
| 0:24 | Barracks |
| 0:50 | Peasant |
| 0:51 | Peasant |
| 1:07 | Farm |
| 1:12 | Peasant |
| 1:32 | Footman |
| 1:32 | Footman |
| 1:46 | Peasant |
| 1:48 | Farm |
| 1:52 | Scout Tower |
| 2:09 | Arcane Vault |
| 2:25 | Farm |
| 2:39 | Arcane Tower |
| 2:54 | Footman |
| 3:16 | Arcane Vault |
| 3:29 | Scout Tower |
| 3:33 | Footman |
| 3:34 | Summon Water Elemental |
| 3:38 | Peasant |
| 3:38 | Peasant |
| 3:38 | Peasant |
| 4:25 | Scroll of Regeneration |
| 4:25 | Lesser Clarity Potion |
| 4:33 | Arcane Tower |
| 4:51 | Footman |
| 5:06 | Brilliance Aura |
| 5:19 | Farm |
| 5:28 | Keep |
| 5:33 | Lumber Mill |
| 5:36 | Farm |
| 6:01 | Footman |
| 7:55 | Arcane Sanctum |
| 7:57 | Arcane Sanctum |
| 8:17 | Blacksmith |
| 8:19 | Improved Lumber Harvesting |
| 8:50 | Farm |
| 8:53 | Sorceress |
| 8:58 | Spell Breaker |
| 8:59 | Storm Bolt |
| 9:06 | Scroll of Regeneration |
| 9:06 | Lesser Clarity Potion |
| 9:16 | Spell Breaker |
| 9:16 | Sorceress |
| 9:24 | Magic Sentry |
| 9:27 | Ivory Tower |
| 9:27 | Ivory Tower |
| 9:32 | Long Rifles |
| 9:32 | Rifleman |
| 10:07 | Arcane Tower |
| 10:19 | Arcane Tower |
| 10:24 | Summon Water Elemental |
| 10:27 | Spell Breaker |
| 10:39 | Town Hall |
| 11:51 | Sorceress |
| 11:58 | Rifleman |
| 12:01 | Scout Tower |
| 12:02 | Scout Tower |
| 12:04 | Scout Tower |
| 12:06 | Improved Masonry |
| 12:51 | Guard Tower |
| 13:07 | Scroll of Town Portal |
| 13:08 | Potion of Lesser Invulnerability |
| 14:23 | Rifleman |
| 14:23 | Rifleman |
| 14:25 | Sorceress |
| 14:44 | Bash |
| 15:24 | Town Hall |
| 15:29 | Scout Tower |
| 15:37 | Farm |
| 15:56 | Guard Tower |
| 15:57 | Scout Tower |
| 16:02 | Scroll of Town Portal |
| 16:16 | Sorceress |
| 16:50 | Scroll of Speed |
| 16:50 | Potion of Healing |
| Right click | 784 |
| Select group | 646 |
| Select | 337 |
| Assign group | 136 |
| Build/train/purchase | 99 |
| Use ability | 26 |
| Minimap ping | 11 |
| Misc. action | 9 |
| Esc | 2 |
| Item give/drop | 1 |
⇛